 Dungeon Crawl Stone Soup version 0.31.0-32-g396128a36d (webtiles) character file.

Game seed: 9936588292245909906

913 Peloso the Slasher (level 7, -9/63 HPs)
             Began as a Minotaur Fighter on Mar 13, 2024.
             Mangled by Duvessa
             ... wielding a +4 short sword of electrocution
              (17 damage)
             ... on level 4 of the Dungeon.
             The game lasted 00:07:20 (3322 turns).

Peloso the Slasher (Minotaur Fighter)               Turns: 3322, Time: 00:07:20

Health: -9/63      AC: 10    Str: 21    XL:     7   Next: 82%
Magic:  6/6        EV:  9    Int:  5    God:
Gold:   250        SH:  5    Dex: 11    Spells: 6/6 levels left

rFire   + . .        a - +0 long sword
rCold   + . .        d - +0 buckler
rNeg    . . .        c - +0 chain mail
rPois   +            (helmet restricted)
rElec   +            (no cloak)
rCorr   +            (no gloves)
SInv    .            (no boots)
Will    .....        l - amulet of regeneration Stlth
                     (no ring)
HPRegen 1.10/turn    (no ring)
MPRegen 0.10/turn

%: no passive effects
@: resistant
A: horns 2, retaliatory headbutt
a: no special abilities


You were on level 4 of the Dungeon.
You visited 1 branch of the dungeon, and saw 4 of its levels.

You collected 250 gold pieces.

Inventory:

Hand Weapons
 a - a +0 long sword (weapon)
Armour
 b - a +0 scale mail
 c - a +0 chain mail (worn)
 d - a +0 buckler (worn)
Jewellery
 l - an amulet of regeneration (around neck)
 m - an amulet of the acrobat
 o - a ring of magical power
Scrolls
 e - 3 scrolls of teleportation {unknown}
 g - 6 scrolls of identify {unknown}
 i - a scroll of fear {unknown}
 j - 2 scrolls of enchant armour {unknown}
 n - a scroll of noise {unknown}
 p - a scroll of poison {unknown}
Potions
 f - a potion of might


   Skills:
 + Level 6.0 Fighting
 + Level 6.7 Long Blades
 + Level 6.6 Armour
 + Level 2.5 Dodging
 + Level 0.1 Stealth
 + Level 4.9 Shields


You had 6 spell levels left.
You didn't know any spells.
Your spell library contained the following spells:

 Spells                   Type           Power      Damage    Failure   Level
 Sting                    Conj/Alch      0%         1d3       98%         1
 Mercury Vapours          Alch/Air       0%         N/A       99%         2
 Olgreb's Toxic Radiance  Alch           0%         N/A       100%        4


Dungeon Overview and Level Annotations

Branches:
Dungeon (4/15)
 Temple: D:4-7

Altars:
Dithmenos
Elyvilon
Qazlal
Sif Muna
Vehumet
Zin

Annotations:
D:4 Duvessa


Innate Abilities, Weirdness & Mutations

You have a pair of horns on your head.
You reflexively headbutt those who attack you in melee.


Message History

You hit Dowan. You headbutt Dowan.
You kill Dowan!
You hear a distant scream of rage.
Your Fighting skill increases to level 6!
Things that are here:
a +0 dagger; a +0 robe; the elf corpse of Dowan
Things that are here:
a +0 dagger; a +0 robe; the elf corpse of Dowan Duvessa, Sister of Dowan comes into view.
She is wielding a +4 short sword of electrocution and carrying a wand of flame.
Duvessa goes berserk!
Okay, then.
Duvessa rages.
Duvessa attacks as she pursues you! You block Duvessa's attack.
You hit Duvessa. You headbutt Duvessa, but do no damage.
Duvessa is lightly wounded.
Duvessa hits you with a +4 short sword of electrocution!
Duvessa barely misses you.
You hit Duvessa but do no damage. Your headbutt misses Duvessa.
Duvessa is lightly wounded.
Duvessa hits you with a +4 short sword of electrocution!
You barely miss Duvessa. You headbutt Duvessa!
Duvessa is lightly wounded.
Duvessa hits you with a +4 short sword of electrocution.
Duvessa hits you with a +4 short sword of electrocution!
You are electrocuted!!
* * * LOW HITPOINT WARNING * * *
You feel better. Duvessa barely misses you. Duvessa completely misses you.
Okay, then.
Okay, then.
It was a potion of resistance.
You feel protected.
Duvessa hits you with a +4 short sword of electrocution!
* * * LOW HITPOINT WARNING * * *
You barely miss Duvessa.
Duvessa is lightly wounded.
You block Duvessa's attack. x2
You hit Duvessa but do no damage.
Duvessa is lightly wounded.
Duvessa hits you with a +4 short sword of electrocution!
You die...

#. # #...# #..# #.##.##..##
##.### ##..#.#....#.#..#..
...#.#....#.#..... ......#
#..#..#..#..#....# ....e#
#..#..(##...#..### ..".#
#..#..)##...#..... ...#
#..#..#..#..#..... ..#
#@.#.#....#.#..... #.#
###e.##......##..... #.####
#....#........#.....
#...e###.#.###......###....
####...#.#..#..†.....#..###
###.......)..........#
#####..#.##.......##
###.##.##......## #####
#..(...........#


You could see Duvessa (berserk).

Vanquished Creatures
  Pikel (D:4)
  An ogre (D:3)
  A centaur (D:4)
  A phantom (D:4)
  Dowan (D:4)
  A bombardier beetle (D:3)
  An orc wizard (D:4)
  5 adders
  2 ribbon worms
  4 dart slugs
  4 orcs (D:4)
  5 endoplasms
  5 giant cockroaches
  5 goblins
  8 hobgoblins
  3 kobolds
  2 quokkas (D:4)
  4 ball pythons
  4 bats
  3 frilled lizards
  4 rats
65 creatures vanquished.

Notes
Turn   | Place    | Note
-------+----------+-------------------------------------------
     0 | D:1      | Peloso the Minotaur Fighter began the quest for the Orb.
     0 | D:1      | Reached XP level 1. HP: 19/19 MP: 0/0
   176 | D:1      | Reached XP level 2. HP: 27/27 MP: 1/1
   972 | D:2      | Reached XP level 3. HP: 26/33 MP: 2/2
  2129 | D:3      | Found a shadowy altar of Dithmenos.
  2132 | D:3      | Reached XP level 4. HP: 40/40 MP: 3/3
  2196 | D:3      | Noticed an ogre
  2204 | D:3      | Killed an ogre
  2205 | D:3      | Reached XP level 5. HP: 16/46 MP: 4/4
  2457 | D:3      | Found a faded altar of an unknown god.
  2803 | D:4      | Noticed a centaur
  2911 | D:4      | Killed a centaur
  2912 | D:4      | Reached XP level 6. HP: 53/55 MP: 5/5
  2944 | D:4      | Found a glowing silver altar of Zin.
  2969 | D:4      | Reached skill level 5 in Fighting
  2973 | D:4      | Reached skill level 5 in Armour
  2977 | D:4      | Reached skill level 5 in Long Blades
  3063 | D:4      | Found a stormy altar of Qazlal.
  3064 | D:4      | Found a white marble altar of Elyvilon.
  3068 | D:4      | Found a shimmering blue altar of Sif Muna.
  3068 | D:4      | Found a radiant altar of Vehumet.
  3117 | D:4      | Noticed Pikel
  3147 | D:4      | Killed Pikel
  3148 | D:4      | Reached XP level 7. HP: 24/62 MP: 6/6
  3247 | D:4      | Noticed Dowan
  3283 | D:4      | Killed Dowan
  3304 | D:4      | Noticed Duvessa
  3322 | D:4      | Mangled by Duvessa

Illustrated notes

Levels and vault maps discovered:
D:1:      minmay_arrival_solitary_statue, layout_basic
D:2:      layout_loops_cross, hangedman_feature_mirror, minmay_diced_spiral
D:3:      layout_basic, grunt_dithmenos_smoke_and_mirrors,
          dilly_ecumenical_altar_fadedgnrine
D:4:      layout_basic, grunt_temple_overflow_open,
          nicolae_overflow_hidden_temple, old_standard_altar,
          nicolae_half_adder, uniq_pikel, uniq_duvessa

Skill      XL: |  1  2  3  4  5  6  7 |
---------------+----------------------+-----
Shields        | 4 |  4.9
Armour         | 4 6 |  6.6
Fighting       | 4 5 6 |  6.0
Long Blades    | 3 4 6 |  6.7
Dodging        | 2 |  2.5
Stealth        | |  0.1

Action                     |  1- 3 |  4- 6 |  7- 9 || total
---------------------------+-------+-------+-------++-------
  Melee: Long sword        |   118 |    81 |    27 ||   226
         Headbutt          |    20 |    16 |     4 ||    40
    Use: Potion            |     3 |       |     2 ||     5
 Armour: Scale mail        |    42 |       |       ||    42
         Chain mail        |    41 |    79 |    24 ||   144
  Dodge: Dodged            |    30 |    35 |     6 ||    71
  Block: Buckler           |    28 |    25 |     4 ||    57
